 Dungeon Crawl Stone Soup version 0.26.0-41-g79a4fc7684 (webtiles) character file.

Game seed: 2396196918318732327

112 Delamore the Shield-Bearer (level 4, -4/29 HPs)
             Began as a Gargoyle Fighter on Jan 26, 2021.
             Killed from afar by Natasha (9 damage)
             ... with a puff of flame
             ... on level 2 of the Dungeon.
             The game lasted 00:01:27 (1769 turns).

Delamore the Shield-Bearer (Gargoyle Fighter)       Turns: 1769, Time: 00:01:28

Health: -4/29      AC: 12    Str: 20    XL:     4   Next: 93%
Magic:  4/4        EV:  5    Int:  9    God:
Gold:   87         SH:  9    Dex:  5    Spells: 3/3 levels left

rFire    . . .     SeeInvis .   a - +0 flail
rCold    . . .     Faith    .   c - +0 kite shield
rNeg     + . .     Spirit   .   k - +0 chain mail
rPois    ∞         Reflect  .   (no helmet)
rElec    +         Harm     .   (no cloak)
rCorr    .         Rampage  .   (no gloves)
Will     .....                  (no boots)
Stlth    ..........             (no amulet)
HPRegen  0.09/turn              n - -4 ring of dexterity (curse)
MPRegen  0.09/turn              (no ring)

@: slowed, very slow
A: negative energy resistance 1, electricity resistance, unbreathing,
petrification resistance, miasma immunity, AC +3
a: no special abilities


You were on level 2 of the Dungeon.
You visited 1 branch of the dungeon, and saw 2 of its levels.

You collected 87 gold pieces.

Inventory:

Hand Weapons
 a - a +0 flail (weapon)
Missiles
 j - 18 poisoned darts (quivered)
 l - 3 boomerangs of dispersal
Armour
 b - a +0 scale mail
 c - a +0 kite shield (worn)
 k - a +0 chain mail (worn)
Jewellery
 n - a cursed -4 ring of dexterity (left hand)
Scrolls
 e - a scroll of teleportation {unknown}
 h - 2 scrolls of remove curse {unknown}
 m - a scroll of fog {unknown}
 o - a scroll of immolation {unknown}
 p - a scroll of enchant weapon {unknown}
Potions
 d - a potion of might
 f - a potion of lignification {unknown}
 g - 2 potions of berserk rage {unknown}
 i - 3 potions of heal wounds {unknown}


   Skills:
 + Level 4.3 Fighting
 + Level 3.2 Maces & Flails
 - Level 3.2 Armour
 + Level 4.4 Shields


You had 3 spell levels left.
You didn't know any spells.
Your spell library was empty.

Dungeon Overview and Level Annotations

Branches:
Dungeon (2/15)

Altars:

Annotations:
D:2 Natasha


Innate Abilities, Weirdness & Mutations

You are resistant to torment.
Your stone body is resilient. (AC +3)
You are immune to poison.
You resist negative energy. (rN+)
You are resistant to electric shocks. (rElec)
You can survive without breathing.
You are immune to petrification.
You are immune to miasma.


Message History

Natasha claws you.
* * * LOW HITPOINT WARNING * * *
The crimson imp hits you.
* * * LOW HITPOINT WARNING * * *
You are too injured to fight recklessly!
You are too injured to fight recklessly!
You are too injured to fight recklessly!
You are too injured to fight recklessly!
You are too injured to fight recklessly!
You are too injured to fight recklessly!
You are too injured to fight recklessly!
You are too injured to fight recklessly!
You are too injured to fight recklessly!
You are too injured to fight recklessly!
You are too injured to fight recklessly!
Natasha casts a spell at you.
You feel yourself slow down. The crimson imp barely misses you.
Natasha growls.
Natasha zaps a wand.
The puff of flame hits you!
You die...

################ #.......5......#
#..###@..h###
###########.#...#..#...#
............#.⌠.#..# ⌠.#
(...........#..(#≈≈#. .#
............≈###≈≈≈≈###≈...
.............≈≈≈≈≈≈≈≈≈ ....
.............≈≈≈≈≈≈≈≈≈ ...
..†.........≈###≈≈≈≈###≈.#
............#...#≈≈#.[.#.########


You could see Natasha and a crimson imp (summoned).

Vanquished Creatures
  Natasha (D:2)
  A worker ant zombie (D:2)
  An adder (D:2)
  An ooze (D:1)
  A worm (D:2)
  A dart slug (D:1)
  3 leopard geckos
  A ball python (D:2)
  3 bats
  3 giant cockroaches (D:1)
  6 goblins
  9 hobgoblins
  6 jackals
  4 kobolds (D:1)
  A quokka (D:2)
  4 frilled lizards
  4 rats (D:1)
50 creatures vanquished.

Notes
Turn   | Place    | Note
-------+----------+-------------------------------------------
     0 | D:1      | Delamore the Gargoyle Fighter began the quest for the Orb.
     0 | D:1      | Reached XP level 1. HP: 14/14 MP: 1/1
    42 | D:1      | Reached XP level 2. HP: 19/19 MP: 2/2
   403 | D:1      | Reached XP level 3. HP: 24/24 MP: 3/3
   963 | D:2      | Noticed Natasha
  1174 | D:2      | Killed Natasha
  1175 | D:2      | Reached XP level 4. HP: 3/29 MP: 4/4
  1759 | D:2      | Noticed Natasha
  1769 | D:2      | Killed from afar by Natasha

Illustrated notes

Levels and vault maps discovered:
D:1:      dpeg_arrival_boxorama, layout_basic
D:2:      layout_basic, fountainhead, uniq_natasha

Skill      XL: |  1  2  3 |
---------------+----------+-----
Shields        | 4 |  4.4
Fighting       | 4 |  4.3
Maces & Flails | 3 |  3.2
Armour         | |  3.2

Action                   |  1- 3 |  4- 6 || total
-------------------------+-------+-------++-------
Melee: Flail             |   155 |    63 ||   218
Armor: Scale mail        |    95 |       ||    95
       Chain mail        |    33 |    60 ||    93
Dodge: Dodged            |    66 |    24 ||    90
Block: Kite shield       |   108 |    45 ||   153
